 Dungeon Crawl Stone Soup version 0.29.1-15-g9cfb28693d (webtiles) character file.

Game seed: 15068696343119242140

3221 Descartes the Blocker (level 10, -1/77 (79) HPs)
             Began as a Formicid Fighter on Mar 11, 2023.
             Slain by a wight
             ... wielding a +0 battleaxe
              (3 damage)
             ... on level 7 of the Dungeon.
             The game lasted 00:08:23 (6938 turns).

Descartes the Blocker (Formicid Fighter)            Turns: 6938, Time: 00:08:23

HP:   -1/77 (79)    AC: 12    Str: 24    XL:     10   Next: 18%
MP:   10/10         EV: 13    Int:  9    God:
Gold: 282           SH: 11    Dex: 13    Spells: 9/9 levels left

rFire   + . .      SeeInvis +   B - +2 morningstar (drain)
rCold   + . .      Faith    .   M - +0 kite shield
rNeg    . . .      Spirit   .   F - +2 ring mail {rC+}
rPois   .          Reflect  .   (helmet unavailable)
rElec   .          Harm     .   u - +0 cloak
rCorr   .          Rampage  .   s - +0 pair of gloves
Will    +....                   n - +0 pair of boots
Stlth   +.........              (no amulet)
HPRegen 0.22/turn               g - ring of protection from fire
MPRegen 0.12/turn               j - +4 ring of evasion

@: mighty, lightly drained
A: permanent stasis, dig shafts and tunnels, antennae 3, four strong arms
a: Dig, Shaft Self


You were on level 7 of the Dungeon.
You visited 1 branch of the dungeon, and saw 7 of its levels.

You collected 282 gold pieces.

Inventory:

Hand Weapons
 a - a +0 war axe
 c - a +0 broad axe
 t - a +4 quarterstaff of chaos
 v - a +0 hammer
 B - a +2 morningstar of draining (weapon)
 R - a +0 broad axe
Missiles
 y - 4 curare-tipped darts
 A - 16 poisoned darts
 K - a throwing net
 L - 6 boomerangs
Armour
 n - a +0 pair of boots (worn)
 s - a +0 pair of gloves (worn)
 u - a +0 cloak (worn)
 w - a +2 robe of cold resistance
 D - a +0 chain mail
 F - a +2 ring mail of cold resistance (worn)
 M - a +0 kite shield (worn)
 N - +0 acid dragon scales
Jewellery
 b - a +6 ring of intelligence
 g - a ring of protection from fire (left hand)
 j - a +4 ring of evasion (right hand)
 q - a ring of protection from cold
 r - a +6 ring of intelligence
 x - a ring of fire
 C - a ring of flight
 H - an amulet of magic regeneration
Wands
 e - a wand of roots (10)
 J - a wand of mindburst (14)
 Q - a wand of polymorph (5)
Scrolls
 f - 3 scrolls of enchant armour {unknown}
 h - 2 scrolls of fear {unknown}
 i - 5 scrolls of enchant weapon {unknown}
 k - 3 scrolls of teleportation {unknown}
 l - 7 scrolls of identify {unknown}
 m - a scroll of torment {unknown}
 E - 3 scrolls of noise {unknown}
 G - a scroll of blinking {unknown}
 O - a scroll of magic mapping {unknown}
Potions
 d - a potion of might
 o - 2 potions of brilliance {unknown}
 p - 4 potions of attraction
 z - 3 potions of heal wounds {unknown}
 I - a potion of cancellation {unknown}
 P - a potion of degeneration {unknown}


   Skills:
 + Level 7.5 Fighting
 + Level 6.6(6.7) Axes
 + Level 1.3(5.4) Maces & Flails
 - Level 5.0(5.1) Staves
 + Level 7.5 Armour
 + Level 9.1 Shields


You had 9 spell levels left.
You didn't know any spells.
Your spell library contained the following spells:

 Spells                   Type           Power      Damage    Failure   Level
 Magic Dart               Conj           0%         1d3       75%         1
 Searing Ray              Conj           0%         2d4       86%         2
 Fulminant Prism          Conj/Hex       0%         3d6       100%        4


Dungeon Overview and Level Annotations

Branches:
Dungeon (7/15)
 Temple: D:4-7

Altars:
Cheibriados
Dithmenos
Fedhas
Hepliaklqana
Kikubaaqudgha
Nemelex Xobeh
Vehumet
Wu Jian
Yredelemnul
The Shining One

Shops:
D:3 ?

Annotations:
D:7 Menkaure


Innate Abilities, Weirdness & Mutations

You cannot be hasted, slowed, berserked, paralysed or teleported.
You can dig through walls and to a lower floor.
You have a pair of large antennae on your head. (SInv)
Your four strong arms can wield two-handed weapons with a shield.


Message History

You closely miss the howler monkey.
The howler monkey is severely wounded.
The howler monkey howls!
The howler monkey closely misses you.
The howler monkey hoots and howls with incredible vigour!
You puncture the howler monkey!
You kill the howler monkey!
You hit the wight but do no damage. The wight closely misses you.
A white imp comes into view.
The howler monkey hits you. The wight hits you but does no damage.
You hit the wight but do no damage. The howler monkey barely misses you.
The wight barely misses you.
A wight comes into view. It is wielding a +0 halberd.
The howler monkey hoots and howls with incredible vigour!
You hear an angry hiss.
You hit the wight but do no damage.
The howler monkey hits you but does no damage.
The wight hits you but does no damage. You block the wight's attack.
You block the howler monkey's attack.
You hit the wight but do no damage. The wight hits you with a +0 battleaxe.
You block the wight's attack. The howler monkey closely misses you.
You block the wight's attack. The wight hits you with a +0 battleaxe!
You completely miss the wight. The howler monkey barely misses you.
The wight hits you but does no damage.
The wight hits you from afar with a +0 halberd.
* * * LOW HITPOINT WARNING * * *
The howler monkey barely misses you.
Unknown command.
You feel very mighty all of a sudden. You block the howler monkey's attack.
You block the wight's attack.
The wight hits you from afar with a +0 halberd!
* * * LOW HITPOINT WARNING * * *
You completely miss the wight. You block the howler monkey's attack.
The wight barely misses you. You block the wight's attack.
The howler monkey closely misses you.
Unknown command.
You closely miss the wight. The wight hits you with a +0 battleaxe!
* * * LOW HITPOINT WARNING * * *
You feel drained.
You die...

#.#...#.# #.#...#.#
#.#...#.# #.#...#.#
#.#[..#.### {
#....{....#
#.##<##.####z##+
#....#...#.....#
#..........{#@h...#
#.##....#.#5z##+##'#
#.##.#.###..# ...
#.... ..# .## ###...
..# . .+.$' .#..#.
..#+# ..#


You could see a howler monkey, 2 wights and a white imp.

Vanquished Creatures
  A fire crab (shapeshifter) (D:4)
  Maggie (D:6)
  Sigmund (D:3)
  A sky beast (D:6)
  3 black bears
  2 ogres
  A phantom (D:4)
  A gnoll sergeant (D:5)
  2 necrophages
  2 bullfrogs (D:6)
  5 scorpions
  6 howler monkeys
  3 hounds (D:5)
  Crazy Yiuf (D:2)
  A gnoll bouda (D:5)
  4 orc priests
  2 jellies
  2 iguanas
  6 orc wizards
  6 adders
  13 gnolls
  A white imp (D:6)
  An ufetubus (D:5)
  2 worms
  A dart slug (D:4)
  10 orcs
  7 ball pythons
  3 endoplasms
  A giant cockroach (D:3)
  8 goblins
  11 hobgoblins
  3 jackals (D:4)
  6 kobolds
  3 bats
  5 frilled lizards
  5 rats
131 creatures vanquished.

Vanquished Creatures (others)
  2 orcs (D:4)
  10 plants (D:5)
12 creatures vanquished.

Grand Total: 143 creatures vanquished

Notes
Turn   | Place    | Note
-------+----------+-------------------------------------------
     0 | D:1      | Descartes the Formicid Fighter began the quest for the Orb.
     0 | D:1      | Reached XP level 1. HP: 18/18 MP: 1/1
   573 | D:1      | Reached XP level 2. HP: 24/24 MP: 2/2
   624 | D:1      | Found a faded altar of an unknown god.
  1322 | D:2      | Reached XP level 3. HP: 28/29 MP: 3/3
  1592 | D:2      | You fall into a shaft and drop 2 floors!
  1787 | D:4      | Noticed a phantom
  1799 | D:4      | Killed a phantom
  1800 | D:4      | Reached skill level 5 in Shields
  1800 | D:4      | Reached XP level 4. HP: 37/37 MP: 4/4
  1800 | D:4      | Reached XP level 5. HP: 42/42 MP: 5/5
  2010 | D:3      | Found a shadowy altar of Dithmenos.
  2296 | D:2      | Found a runed translucent door.
  2297 | D:2      | Noticed Crazy Yiuf
  2307 | D:2      | Killed Crazy Yiuf
  2610 | D:3      | Noticed Sigmund
  2624 | D:3      | Killed Sigmund
  2625 | D:3      | Reached skill level 1 in Staves
  2625 | D:3      | Reached XP level 6. HP: 41/49 MP: 6/6
  2850 | D:3      | Found a basalt altar of Yredelemnul.
  2920 | D:3      | Found Wikh's Magic Scroll Emporium.
  3176 | D:3      | Reached XP level 7. HP: 47/55 MP: 7/7
  3314 | D:4      | Found an ancient bone altar of Kikubaaqudgha.
  3527 | D:4      | Found an ornate altar of the Wu Jian Council.
  3534 | D:4      | Reached skill level 6 in Shields
  3537 | D:4      | Reached skill level 5 in Fighting
  3542 | D:4      | Reached skill level 5 in Armour
  3680 | D:4      | Reached XP level 8. HP: 36/62 MP: 8/8
  3900 | D:4      | Noticed a shapeshifter
  3900 | D:4      | an orc changed into a shapeshifter
  3900 | D:4      | Noticed a fire crab
  3900 | D:4      | a shapeshifter changed into a fire crab
  3909 | D:4      | HP: 3/62 [fire crab (shapeshifter)] (14)]
  3913 | D:4      | Killed a fire crab
  3914 | D:4      | Reached skill level 5 in Axes
  3914 | D:4      | Reached skill level 7 in Shields
  4265 | D:5      | Entered Level 5 of the Dungeon
  4333 | D:5      | Reached XP level 9. HP: 65/69 MP: 9/9
  4795 | D:5      | Reached skill level 8 in Shields
  4909 | D:5      | Found a blossoming altar of Fedhas.
  5033 | D:5      | Found a glowing golden altar of the Shining One.
  5033 | D:5      | Found a hazy altar of Hepliaklqana.
  5446 | D:6      | Found a radiant altar of Vehumet.
  5760 | D:6      | Noticed Maggie
  5781 | D:6      | Killed Maggie
  5782 | D:6      | Reached skill level 5 in Staves
  5782 | D:6      | Reached XP level 10. HP: 13/79 MP: 10/10
  6163 | D:6      | Reached skill level 9 in Shields
  6193 | D:6      | Found a snail-covered altar of Cheibriados.
  6502 | D:6      | Found a sparkling altar of Nemelex Xobeh.
  6672 | D:7      | Noticed Menkaure
  6895 | D:7      | Reached skill level 1 in Maces & Flails
  6938 | D:7      | HP: 2/79 [wight/+0 battleaxe (7)]
  6938 | D:7      | Slain by a wight

Illustrated notes

Levels and vault maps discovered:
D:1:      minmay_arrival_arboretum_small, layout_basic,
          hellmonk_ecumenical_altar_leap_of_faith
D:2:      layout_loops_corners, minmay_circle_x, uniq_crazy_yiuf_cottage
D:3:      layout_basic, nicolae_overflow_crystal_walls,
          nicolae_dithmenos_shadow_blocks, serial_shops, shop, uniq_sigmund
D:4:      layout_rooms, kiku_gazebo_garden_becter,
          pdpol_wu_jian_five_deadly_venoms
D:5:      layout_basic, gammafunk_temple_overflow_elements, old_standard_altar,
          nicolae_grassy_gnolls
D:6:      layout_loops_ring, vehumet_crystals, mainiacjoe_overflow_brackets,
          lemuel_round_altar, kennysheep_generic_room_14, uniq_maggie
D:7:      layout_loops_cross, mainiacjoe_overflow_24_doors,
          minmay_temple_entry_stoned_glass, uniq_menkaure

Skill      XL: |  1  2  3  4  5  6  7  8  9 10 |
---------------+-------------------------------+-----
Fighting       | 4 5 6 7 |  7.5
Armour         | 4 5 6 7 |  7.5
Shields        | 5 6 7 8 9 |  9.1
Axes           | 3 4 5 6 |  6.6
Staves         | 1 2 3 5 |  5.0
Maces & Flails | 1 |  1.3

Action                   |  1- 3 |  4- 6 |  7- 9 | 10-12 || total
-------------------------+-------+-------+-------+-------++-------
Melee: War axe           |    80 |    30 |       |       ||   110
       Quarterstaff      |       |    30 |   259 |     2 ||   291
       Morningstar       |       |       |       |    62 ||    62
  Use: Potion            |       |       |     6 |     1 ||     7
 Stab: Paralysed         |       |       |     3 |       ||     3
       Invisible         |       |       |     1 |       ||     1
Armor: Scale mail        |    30 |    12 |     4 |       ||    46
       Chain mail        |       |       |    65 |       ||    65
       Ring mail         |       |       |    55 |    16 ||    71
Dodge: Dodged            |    47 |    29 |   181 |    36 ||   293
Block: Buckler           |    19 |    21 |    77 |       ||   117
       Kite shield       |       |       |    41 |    38 ||    79
